Map: 2000 Atmospheres LE

Players

ViBE - Winner!

  • Race: Zerg Zerg
  • League: Diamond

ZurieL

  • Race: Terran Terran
  • League: Diamond

VOD

Have the link to the VOD?

Description

Time

  • Played on: April 18, 2021, 8:31 p.m.
  • Length: 10:42
Show
View Real Time Build Order
Export as new Build Order

ViBE Zerg - Winner!

Build Orders: Hatch First, Roach Nydus 

Get SALT Encoding   

  12  0:00  Drone  
  13  0:13  Overlord  
  13  0:19  Drone  
  14  0:32  Drone x2  
  16  0:37  Drone  
  17  0:53  Hatchery  
  17  0:56  Drone  
  17  0:58  Drone  
  18  1:12  Spawning Pool  
  18  1:15  Drone  
  18  1:19  Drone  
  19  1:29  Drone  
  19  1:32  Extractor  
  19  1:59  Queen  
  19  2:00  Zergling x2  
  22  2:05  Zergling x2  
  23  2:11  Overlord  
  23  2:12  Queen  
  23  2:13  Drone  
  23  2:14  Drone  
  27  2:18  Overlord  
  27  2:25  Overlord  
  27  2:31  Drone  
  28  2:43  Drone  
  28  2:44  Drone  
  30  2:45  Lair  
  30  2:47  Drone  
  30  2:48  Queen  
  33  2:54  Drone  
  34  2:59  Roach Warren  
  34  3:03  Drone x2  
  35  3:10  Drone x2  
  37  3:18  Drone x3  
  40  3:21  Overlord  
  40  3:30  Queen  
  42  3:38  Drone x2  
  42  3:39  Overlord x2  
  44  3:48  Nydus Network  
  44  3:51  Extractor  
  42  3:58  Overlord  
  42  3:59  Roach x3  
  42  4:01  Queen  
  50  4:14  Queen  
  52  4:20  Roach x2  
  56  4:28  Overseer  
  55  4:34  Overlord, Roach  
  57  4:50  Roach x3  
  57  4:51  Queen  
  57  4:52  Queen  
  67  5:00  Nydus Canal  
  67  5:09  Overlord x2, Roach  
  67  5:11  Roach  
  71  5:33  Roach  
  71  5:34  Roach x4  
  81  5:39  Queen x2  
  81  5:40  Roach  
  87  5:48  Overlord x2  
  87  5:54  Nydus Canal  
  85  6:09  Nydus Canal  
  89  6:20  Drone x12  
  97  6:27  Extractor  
  97  6:29  Extractor  
  97  6:32  Hatchery  
  94  6:41  Drone x4  
  98  6:51  Glial Reconstitution  
  98  7:12  Drone x8  
  106  7:22  Evolution Chamber  
  105  7:25  Evolution Chamber  
  104  7:32  Nydus Canal  
  104  7:55  Queen  
  104  7:56  Drone x7  
  104  7:58  Overlord x6  
  113  7:59  Overlord  
  113  8:01  Extractor x2  
  113  8:03  Zerg Missile Weapons Level 1, Zerg Ground Armor Level 1  
  111  8:20  Drone  
  111  8:21  Drone x5  
  117  8:30  Drone x2  
  117  8:32  Drone  
  120  8:37  Overlord x5  
  120  8:41  Roach  
  120  8:42  Roach  
  124  8:51  Hatchery  
  123  9:02  Roach  
  129  9:03  Roach x11  
  147  9:15  Roach x5  
  157  9:39  Roach x6  
  157  9:40  Roach x4  
  177  9:47  Infestation Pit  
  177  9:49  Ravager x8  
  177  9:50  Ravager x2  
  186  9:53  Ravager  
  186  9:55  Roach x4  
  186  9:57  Roach  
  186  9:58  Roach  
  199  10:04  Roach  
Show
View Real Time Build Order
Export as new Build Order

ZurieL Terran 

Build Orders: Mech 

Get SALT Encoding   

  12  0:01  SCV  
  13  0:13  SCV  
  14  0:17  Supply Depot  
  14  0:25  SCV  
  15  0:39  SCV  
  15  0:41  Barracks  
  16  0:46  Refinery  
  16  0:51  SCV  
  17  1:03  SCV  
  18  1:15  SCV  
  19  1:28  Marine  
  20  1:35  Command Center  
  20  1:46  Marine  
  21  1:48  Bunker  
  21  1:54  SCV, Supply Depot  
  22  2:06  SCV  
  23  2:19  Barracks Reactor  
  24  2:26  Supply Depot  
  24  2:29  Orbital Command  
  23  2:32  Factory  
  23  2:36  Refinery  
  23  2:49  Orbital Command  
  23  2:55  Supply Depot  
  23  3:01  Marine x2  
  23  3:05  SCV  
  26  3:15  Factory Tech Lab  
  26  3:17  SCV  
  26  3:19  Starport  
  27  3:23  SCV  
  28  3:29  SCV  
  29  3:35  SCV, Siege Tank  
  33  3:41  SCV  
  33  3:47  SCV  
  35  3:51  Marine x2  
  35  3:53  SCV  
  38  3:57  Barracks  
  38  3:58  Starport Reactor  
  38  3:59  SCV  
  39  4:06  SCV  
  39  4:09  Marine x2  
  42  4:10  Siege Tank  
  42  4:11  SCV  
  46  4:18  SCV  
  46  4:23  SCV  
  48  4:30  SCV  
  49  4:35  SCV  
  49  4:37  Supply Depot  
  49  4:38  Viking x2  
  54  4:40  Marine x2  
  54  4:42  SCV  
  57  4:46  Barracks Tech Lab  
  57  4:47  SCV  
  58  4:54  SCV  
  58  4:59  Command Center  
  60  5:30  Bunker  
  61  5:39  SCV  
  61  5:42  Refinery x2  
  62  5:44  Supply Depot  
  62  5:47  Supply Depot x2  
  55  6:11  Barracks Reactor  
  55  6:12  Supply Depot  
  55  6:15  Supply Depot  
  55  6:18  SCV  
  55  6:19  Supply Depot  
  56  6:29  Factory  
  56  6:51  SCV  
  57  6:55  Orbital Command  
  54  7:12  Bunker  
  52  7:19  Marine  
  52  7:20  Marine  
  53  7:37  Marine x2  
  53  7:47  Orbital Command  
  53  7:54  SCV  
  53  7:55  Factory, Marine  
  55  7:58  Refinery  
  55  8:06  SCV  
  56  8:17  SCV  
  57  8:22  Bunker  
  57  8:26  Supply Depot  
  57  8:27  Supply Depot x2  
  57  8:28  Supply Depot  
  57  8:35  Barracks Tech Lab  
  57  8:47  Marine x2, Siege Tank  
  62  8:49  SCV  
  62  8:50  SCV  
  62  8:55  Factory, Marine  
  64  8:56  Stimpack  
  65  9:05  Marine x2  
  67  9:11  Orbital Command  
  67  9:13  Marine  
  68  9:23  Marine  
  69  9:28  Siege Tank  
  72  9:40  Factory Tech Lab  
  72  9:42  SCV  
  72  9:43  Starport  
  73  10:06  Siege Tank  
Tags
 
Composition
Mech
Matchup
TvZ
Player
ViBE
Replay Pack
Diamond_Zerg
Strategy
Roach Nydus
Add a new tag
Caveats
  • Supply blocks, unpowered buildings, or Contaminate may cause inaccurate times.
  • Supply counts are checked every 10 seconds.